 Dungeon Crawl Stone Soup version 0.30-a0-43-gbbf338a72c (webtiles) character file.

Game seed: 10333596516483935982

6340 MudFish the Spear-Bearer (level 10, 0/80 HPs)
             Began as a Merfolk Gladiator on Aug 29, 2022.
             Was a Follower of Dithmenos.
             Engulfed by a cloud of steam (8 damage)
             ... on level 9 of the Dungeon on Sept 1, 2022.
             The game lasted 00:23:52 (11330 turns).

MudFish the Spear-Bearer (Merfolk Gladiator)       Turns: 11330, Time: 00:23:52

Health: 0/80       AC: 17    Str: 20    XL:     10   Next: 96%
Magic:  10/10      EV: 17    Int: 17    God:    Dithmenos [*.....]
Gold:   573        SH:  0    Dex: 19    Spells: 9/9 levels left

rFire   . . .      SeeInvis .    N - +4 glaive "Rodghix" {speed, Will++ Dex+2}
rCold   + . .      Faith    .    (shield currently unavailable)
rNeg    . . .      Spirit   .    s - +1 scale mail "Aggeotypp" {rElec}
rPois   +          Reflect  .    K - +2 helmet
rElec   +          Harm     .    q - +2 cloak
rCorr   .          Rampage  .    F - +0 pair of gloves
Will    ++...                    v - +0 pair of boots
Stlth   ..........               B - amulet of Pavis {Acrobat rPois rC+ Dex-2}
HPRegen 0.23/turn                g - +6 ring of intelligence
MPRegen 0.12/turn                z - +6 ring of strength

@: mighty, wreathed by umbra
A: (nimble swimmer 2), mertail, clever 1
a: Renounce Religion


You were on level 9 of the Dungeon.
You worshipped Dithmenos.
Dithmenos was aware of your devotion.
You visited 2 branches of the dungeon, and saw 10 of its levels.
You also visited: Sewer.

You collected 573 gold pieces.

Inventory:

Hand Weapons
 a - a +3 trident of freezing
 m - a +3 quarterstaff of chaos
 r - a +0 hammer
 y - a +3 lajatang
 N - the +4 glaive "Rodghix" (weapon) {speed, Will++ Dex+2}
   (You acquired it on level 7 of the Dungeon)

   Attacks with this weapon are significantly faster.
   Dex:       It affects your dexterity (+2).
   Will:      It greatly increases your willpower.
Missiles
 d - 4 throwing nets (quivered)
 e - a javelin
 I - 32 poisoned darts
Armour
 b - a +0 leather armour
 c - a +0 helmet
 q - a +2 cloak (worn)
 s - the +1 scale mail "Aggeotypp" (worn) {rElec}
   (You found it on level 4 of the Dungeon)

   rElec:     It insulates you from electricity.
 v - a +0 pair of boots (worn)
 x - +0 steam dragon scales
 F - a +0 pair of gloves (worn)
 K - a +2 helmet (worn)
 S - the +0 leather armour of the Tormentor {Regen+ Int+3}
   (You found it on level 9 of the Dungeon)

   Int:       It affects your intelligence (+3).
   Regen:     It increases your rate of health regeneration.
Jewellery
 g - a +6 ring of intelligence (left hand)
 z - a +6 ring of strength (right hand)
 B - the amulet of Pavis (around neck) {Acrobat rPois rC+ Dex-2}
   (You acquired it on level 7 of the Dungeon)

   [amulet of the acrobat]

   It increases your evasion while moving and waiting.
   Dex:       It affects your dexterity (-2).
   rC:        It protects you from cold.
   rPois:     It protects you from poison.
 C - a ring of ice
 D - an amulet of regeneration
 P - a ring of magical power
 R - a ring of protection from cold
Wands
 n - a wand of polymorph (13)
 w - a wand of digging (2)
 G - a wand of paralysis (7)
 M - a wand of flame (13)
Scrolls
 f - 3 scrolls of blinking
 i - 2 scrolls of silence
 j - a scroll of fear
 k - 2 scrolls of magic mapping
 t - 2 scrolls of butterflies
Potions
 l - 2 potions of flight
 o - 3 potions of haste
 p - 2 potions of degeneration
 u - 6 potions of curing
 A - a potion of mutation
 E - 2 potions of magic
 J - a potion of might
 L - a potion of invisibility
 O - a potion of lignification
 Q - a potion of cancellation {unknown}
Miscellaneous
 H - a tin of tremorstones (2/2)


   Skills:
 * Level 7.8 Fighting
 * Level 13.4 Polearms
 - Level 2.0 Throwing
 - Level 4.6 Armour
 + Level 12.2 Dodging


You had 9 spell levels left.
You didn't know any spells.
Your spell library contained the following spells:

 Spells                   Type           Power      Damage    Failure   Level
 Call Canine Familiar     Summ           0%         N/A       88%         3
 Portal Projectile        Hex/Tloc       0%         N/A       88%         3
 Leda's Liquefaction      Hex/Erth       0%         N/A       99%         4
 Summon Ice Beast         Ice/Summ       0%         N/A       99%         4
 Summon Mana Viper        Hex/Summ       0%         N/A       100%        5
 Monstrous Menagerie      Summ           0%         N/A       100%        7


Dungeon Overview and Level Annotations

Branches:
Dungeon (9/15)             Temple (1/1) D:5           Sewer (visited)
   Lair: D:8-11         Orc: D:9-12

Altars:
Ashenzari
Cheibriados
Dithmenos
Elyvilon
Fedhas
Gozag
Hepliaklqana
Kikubaaqudgha
Makhleb
Nemelex Xobeh
Okawaru
Qazlal
Ru
Sif Muna
Trog
Uskayaw
Vehumet
Wu Jian
Xom
Yredelemnul
Zin
The Shining One

Shops:
D:5 *

Portals:
Bailey: D:7

Annotations:
D:5 4 runed translucent doors


Innate Abilities, Weirdness & Mutations

((You are very nimble when in or above water. (Stealth+, EV+, Speed+++)))
Your lower body shifts to a powerful aquatic tail in water.
Your mind is acute. (Int +4, Str/Dex -1)


Message History

Maggie is almost dead.
Maggie gestures at you while chanting. The bolt of fire hits you.
The steam dragon misses you.
The steam dragon claws you but does no damage.
You slice Maggie!!
You kill Maggie!
Dithmenos accepts your kill. The steam dragon barely misses you.
The steam dragon claws you. The steam dragon breathes steam at you.
The ball of steam hits you!!
* * * LOW HITPOINT WARNING * * *
Things that are here:
a +0 halberd of pain; +0 steam dragon scales; the human corpse of Maggie
Found a crude rapier.
You see here 12 gold pieces.
Found 16 gold pieces.
You see here 8 stones.
The steam dragon completely misses you. The steam dragon claws you.
* * * LOW HITPOINT WARNING * * *
You closely miss the steam dragon. You slash the steam dragon!
The steam dragon is heavily wounded.
The steam dragon breathes steam at you. The ball of steam hits you.
* * * LOW HITPOINT WARNING * * *
You closely miss the steam dragon.
The steam dragon is heavily wounded.
You are engulfed in a cloud of scalding steam.
The steam dragon misses you.
The steam dragon claws you but does no damage.
You slash the steam dragon!
The steam dragon is severely wounded.
You are engulfed in a cloud of scalding steam.
The steam dragon barely misses you. The steam dragon misses you.
You slice the steam dragon!!
You kill the steam dragon!
Dithmenos accepts your kill.
The steam dragon scales are intact enough to wear.
You are engulfed in a cloud of scalding steam.
You die...

## #### # $###
###..### #.## ##
##..####.#.##..
)..##.##..###.##......
##..#.....#..?.......
#.#............†###.#
#.§@[$).†.....#.####
#..#...........##..
.$.....#.#....#### ###
########.###.### ###
###


There were no monsters in sight!

Vanquished Creatures
  Maggie (D:9)
  A komodo dragon (D:9)
  A troll (D:5)
  A yak (D:5)
  4 wyverns
  A basilisk (D:9)
  5 steam dragons
  3 water moccasins
  4 black bears
  2 sky beasts
  An orc warrior (D:9)
  An ogre (D:5)
  11 centaurs
  A phantom (D:5)
  2 necrophages (D:6)
  7 kobold brigands
  2 bullfrogs (D:8)
  5 scorpions
  5 wights (D:8)
  4 killer bees (D:8)
  An orc priest (D:9)
  A jelly (D:6)
  Crazy Yiuf (D:2)
  6 hounds
  Jessica (D:1)
  3 iguanas
  Natasha (thrice) (D:2)
  4 orc wizards
  5 gnolls
  12 adders
  3 river rats
  A white imp (D:7)
  3 ufetubi
  A worm (D:3)
  5 dart slugs
  20 orcs
  9 bats
  3 endoplasms
  6 giant cockroaches
  6 goblins
  9 hobgoblins
  4 jackals (Sewer)
  20 kobolds
  3 quokkas
  12 ball pythons
  8 frilled lizards
  12 rats
224 creatures vanquished.

Vanquished Creatures (others)
  12 plants (Sewer)
12 creatures vanquished.

Grand Total: 236 creatures vanquished

Notes
Turn   | Place    | Note
-------+----------+-------------------------------------------
     0 | D:1      | MudFish the Merfolk Gladiator began the quest for the Orb.
     0 | D:1      | Reached XP level 1. HP: 16/16 MP: 1/1
   596 | D:1      | Reached XP level 2. HP: 23/23 MP: 2/2
   737 | D:1      | Found a faded altar of an unknown god.
   737 | D:1      | Noticed an ice devil
   958 | D:2      | Reached XP level 3. HP: 15/28 MP: 3/3
  1117 | D:2      | Noticed Jessica
  1149 | D:1      | Killed Jessica
  1150 | D:1      | Reached skill level 5 in Polearms
  1150 | D:1      | Reached skill level 5 in Dodging
  1150 | D:1      | Reached XP level 4. HP: 4/34 MP: 4/4
  2126 | D:2      | Noticed Natasha
  2135 | D:2      | Killed Natasha
  2136 | D:2      | Reached XP level 5. HP: 25/41 MP: 5/5
  2248 | D:2      | Noticed Natasha
  2257 | D:2      | Killed Natasha
  2347 | D:2      | Found a runed translucent door.
  2348 | D:2      | Noticed Crazy Yiuf
  2442 | D:2      | Noticed Natasha
  2470 | D:2      | Killed Natasha
  3153 | D:2      | Killed Crazy Yiuf
  3154 | D:2      | Reached skill level 6 in Polearms
  3509 | D:3      | Reached XP level 6. HP: 45/47 MP: 6/6
  4274 | D:3      | Noticed a moth of wrath
  4277 | D:3      | Found a bloodstained altar of Trog.
  4355 | D:4      | Noticed a black bear
  4628 | D:3      | Upgraded the game from 0.30-a0-40-gc6d0f036a7 to
                  | 0.30-a0-42-g806c11bf1d
  4726 | D:4      | Killed a black bear
  4727 | D:4      | Reached skill level 7 in Polearms
  4742 | D:4      | Identified the +1 scale mail "Aggeotypp" {rElec}
  4789 | D:4      | Reached XP level 7. HP: 34/54 MP: 7/7
  4908 | D:4      | Found a sparkling altar of Nemelex Xobeh.
  4949 | D:4      | Found an ancient bone altar of Kikubaaqudgha.
  5153 | D:4      | Noticed a steam dragon
  5173 | D:4      | Killed a steam dragon
  5179 | D:4      | Reached skill level 1 in Armour
  5862 | D:4      | Reached skill level 8 in Polearms
  5862 | D:4      | Reached XP level 8. HP: 56/60 MP: 8/8
  5970 | D:4      | Gained mutation: You occasionally lose the ability to read
                  | scrolls when taking damage. [potion of mutation]
  5970 | D:4      | Gained mutation: Your muscles are strong. (Str +4, Int/Dex
                  | -1) [potion of mutation]
  5971 | D:4      | Lost mutation: Your muscles are strong. (Str +4, Int/Dex
                  | -1) [potion of mutation]
  5971 | D:4      | Lost mutation: You occasionally lose the ability to read
                  | scrolls when taking damage. [potion of mutation]
  5971 | D:4      | Gained mutation: Your mind is acute. (Int +4, Str/Dex -1)
                  | [potion of mutation]
  6052 | D:5      | Entered Level 5 of the Dungeon
  6126 | D:5      | Found a large runed translucent door.
  6126 | D:5      | Found a large runed translucent door.
  6130 | D:5      | Found a large runed translucent door.
  6130 | D:5      | Found a large runed translucent door.
  6132 | D:5      | Noticed a two-headed ogre
  6204 | D:5      | Found a staircase to the Ecumenical Temple.
  6281 | D:5      | Found Gocw's General Store.
  6334 | Temple   | Entered the Ecumenical Temple
  6832 | D:5      | Reached skill level 9 in Polearms
  6933 | D:5      | Noticed a yak
  6941 | D:5      | Killed a yak
  6942 | D:5      | Reached XP level 9. HP: 32/65 MP: 9/9
  7014 | D:5      | Noticed a troll
  7024 | D:5      | Killed a troll
  7025 | D:5      | Reached skill level 10 in Polearms
  7025 | D:5      | Reached skill level 10 in Dodging
  7463 | D:5      | Upgraded the game from 0.30-a0-42-g806c11bf1d to
                  | 0.30-a0-43-gbbf338a72c
  7557 | D:6      | Found a glowing drain.
  7834 | Sewer    | Entered a sewer
  8020 | Sewer    | Reached skill level 11 in Polearms
  8807 | D:6      | Found a hide-covered altar of Uskayaw.
  9273 | D:7      | Reached skill level 5 in Fighting
  9273 | D:7      | Reached XP level 10. HP: 71/74 MP: 10/10
  9373 | D:7      | Found a flagged portal.
  9545 | D:7      | Found a basalt altar of Yredelemnul.
  9699 | D:7      | Identified 2 scrolls of acquirement
  9699 | D:7      | Acquired the amulet of Pavis {Acrobat rPois rC+ Dex-2}
  9701 | D:7      | Acquired the +4 glaive "Rodghix" {speed, Will++ Dex+2}
  9895 | D:8      | Reached skill level 12 in Polearms
 10150 | D:8      | Found an opulent altar of Gozag.
 10312 | D:8      | Found a shadowy altar of Dithmenos.
 10336 | D:8      | Found a shimmering blue altar of Sif Muna.
 10336 | D:8      | Found a broken altar of Ashenzari.
 10342 | D:8      | Became a worshipper of Dithmenos the Shadowed
 11276 | D:9      | Identified the +0 leather armour of the Tormentor {Regen+
                  | Int+3}
 11291 | D:9      | Reached skill level 13 in Polearms
 11296 | D:9      | Noticed Maggie
 11300 | D:9      | Reached * piety under Dithmenos
 11319 | D:9      | Killed Maggie
 11330 | D:9      | Engulfed by a cloud of steam

Illustrated notes

Levels and vault maps discovered:
D:1:      spicycebolla_arrival_clurvy, layout_loops_ring,
          dreamdust_ecumenical_altar_sealed_demon, serial_glass,
          glass_columns_a, glass_columns_a, minmay_distorted
D:2:      layout_rooms, minmay_hexomino_c4, uniq_jessica, uniq_natasha,
          uniq_crazy_yiuf_cottage
D:3:      layout_basic, tgw_trog, minmay_surrounded
D:4:      layout_basic, kennysheep_little_box,
          nicolae_kikubaaqudgha_miasma_corner
D:5:      layout_loops_ring, minmay_temple_entry_stoned_glass, serial_shops,
          shop, minmay_hollow_rounded_squares
D:6:      layout_basic, mainiacjoe_overflow_chevrons, portal_sewer_entry_a,
          nicolae_lava_and_water, hangedman_decor_diamond_cutter
D:7:      layout_gridville, kennysheep_mini, enter_bailey_6
D:8:      layout_loops_ring, lemuel_doored_altar, grunt_temple_overflow_open,
          centaur_isle
D:9:      minmay_the_grid_triangle_9x9_rhombus_full
          [minmay_the_grid_triangle_9x9_shrine,
          minmay_the_grid_triangle_9x9_longest,
          minmay_the_grid_triangle_9x9_warning,
          minmay_the_grid_triangle_9x9_limited_checkers,
          minmay_the_grid_triangle_9x9_sparse_checkered,
          minmay_the_grid_triangle_9x9_zippers_horizontal,
          minmay_the_grid_triangle_9x9_descending_squares,
          minmay_the_grid_triangle_9x9_prize_special], layout_basic,
          erik_lair_dragon, uniq_maggie
Temple:   oiseaux_autumnal_temple

Skill      XL: |  1  2  3  4  5  6  7  8  9 10 |
---------------+-------------------------------+-----
Polearms       | 5 6 7 8 9 11 13 | 13.4
Dodging        | 5 6 7 8 9 11 12 | 12.2
Fighting       | 3 4 5 7 |  7.8
Armour         | 1 3 4 |  4.6
Throwing       | |  2.0

Action                   |  1- 3 |  4- 6 |  7- 9 | 10-12 || total
-------------------------+-------+-------+-------+-------++-------
Melee: Trident           |   106 |   208 |   401 |    36 ||   751
       Punch             |       |     4 |     7 |     1 ||    12
       Unarmed           |       |    24 |       |       ||    24
       Lajatang          |       |       |    70 |       ||    70
       Tailslap          |       |       |     4 |     4 ||     8
       Glaive            |       |       |       |   139 ||   139
  Use: Potion            |     3 |     4 |     2 |     2 ||    11
       Scroll            |       |    12 |     8 |     4 ||    24
 Stab: Distracted        |       |     1 |     1 |     1 ||     3
       Sleeping          |       |     1 |       |       ||     1
Armor: Leather armour    |    32 |    53 |       |       ||    85
       Scale mail        |       |     7 |   140 |    68 ||   215
Dodge: Dodged            |    86 |   222 |   272 |   222 ||   802

Table legend: (Time is in decaauts)
 A = Elapsed time spent in this place.
 B = Non-inter-level travel time spent in this place.
 C = Inter-level travel time spent in this place.
 D = Time resting spent in this place.
 E = Time spent auto-exploring this place.
 F = Levels seen in this place.
 G = Mean time per level.
                   A        B        C        D        E       F      G
               +--------+--------+--------+--------+--------+-----+--------+
         Total |  11049 |  10701 |    348 |   2449 |   6116 |  11 | 1004.5 |
       Dungeon |  10092 |   9769 |    323 |   2306 |   5743 |   9 | 1121.3 |
        Temple |    339 |    314 |     25 |      0 |    168 |   1 |  339.0 |
         Sewer |    617 |    617 |      0 |    143 |    204 |   1 |  617.0 |
               +--------+--------+--------+--------+--------+-----+--------+

Top non-repeatable levels by time:
     D:2: 1855 daAuts
     D:1: 1519 daAuts
     D:4: 1347 daAuts
     D:3: 1340 daAuts
     D:5: 1087 daAuts
     D:8: 943 daAuts
     D:6: 742 daAuts
     D:7: 702 daAuts
   Sewer: 617 daAuts
     D:9: 552 daAuts
  Temple: 339 daAuts
